 Dungeon Crawl Stone Soup version 0.22-a0-995-g3b949e0 (webtiles) character file.

752 Charun the Sneak (level 7, -2/49 HPs)
             Began as an Octopode Venom Mage on May 19, 2020.
             Was an Initiate of Dithmenos.
             Slain by DireLemming's ghost (4 damage)
             ... on level 5 of the Dungeon.
             The game lasted 00:48:51 (4351 turns).

Charun the Sneak (Octopode Venom Mage)              Turns: 4351, Time: 00:48:52

Health: -2/49      AC:  5    Str:  6 (7)  XL:     7   Next: 78%
Magic:  11/11      EV: 14    Int: 17 (18) God:    Dithmenos [......]
Gold:   34         SH:  0    Dex: 12 (14) Spells: 11/12 levels left

rFire    . . .     SeeInvis .   y - -2 rapier (curse)
rCold    . . .     Gourm    .   (no shield)
rNeg     . . .     Faith    .   (armour unavailable)
rPois    +         Spirit   .   w - +1 helmet
rElec    .         Reflect  .   (cloak unavailable)
rCorr    .         Harm     +   (gloves unavailable)
MR       .....                  (boots unavailable)
Stlth    ++++......             L - amulet of harm
HPRegen  0.16/turn              (ring unavailable)
MPRegen  0.12/turn              (ring unavailable)
                                B - ring of poison resistance
                                (no ring)
                                (no ring)
                                (no ring)
                                (no ring)
                                (no ring)
                                (no ring)
                                (no ring)

@: no status effects
A: almost no armour, stealthy swim, amphibious, 8 rings, constrict 8, iridescent
scales 1, camouflage 1, blurry vision 1, deterioration 1, robust 1, wild magic
1, gelatinous body 1
a: Renounce Religion


You were on level 5 of the Dungeon.
You worshipped Dithmenos.
Dithmenos was noncommittal.
You were not hungry.
You have taken the pledge of Peer Pressure.
You visited 2 branches of the dungeon, and saw 7 of its levels.

You collected 272 gold pieces.
You spent 238 gold pieces at shops.

Inventory:

Hand Weapons
 k - a cursed -1 dagger
 l - a +1 shortbow of velocity
 y - a cursed -2 rapier (weapon)
 C - a +0 fustibalus
 E - a +0 quarterstaff
 F - a +0 dagger
 K - a +2 trident of pain
Missiles
 f - 27 sling bullets
 m - 165 stones
 n - 15 arrows
 H - a throwing net
 J - a tomahawk of returning (quivered)
Armour
 h - a +1 helmet
 w - a +1 helmet (worn)
 x - a +0 helmet
 z - a +0 buckler
Jewellery
 B - a ring of poison resistance (left tentacle)
 L - an amulet of harm (around mantle)
Wands
 a - a wand of paralysis (2)
 e - a wand of flame (19)
Scrolls
 d - a scroll of recharging {unknown}
 j - 6 scrolls of identify
 v - a scroll of magic mapping
 D - 2 scrolls of amnesia {unknown}
Potions
 c - 2 potions of magic
 g - 4 potions of flight
 p - a potion of haste {unknown}
 G - a potion of berserk rage {unknown}
 I - a potion of might {unknown}
Comestibles
 b - 4 rations
 o - 4 chunks of flesh


   Skills:
 + Level 2.4 Fighting
 + Level 2.4 Short Blades
 + Level 2.2 Throwing
 + Level 3.3 Dodging
 * Level 6.2 Stealth
 + Level 3.1 Spellcasting
 + Level 2.8 Conjurations
 + Level 5.0 Poison Magic


You had 11 spell levels left.
You knew the following spells:

 Your Spells              Type           Power        Failure   Level  Hunger
a - Sting                 Conj/Pois      ###.         6%          1    None

Your spell library contained the following spells:

 Spells                   Type           Power        Failure   Level  Hunger
 Mephitic Cloud           Conj/Pois/Air  ###.....     26%         3    ###....
 Venom Bolt               Conj/Pois      ###.......   75%         5    ######.
 Olgreb's Toxic Radiance  Pois           ####....     30%         4    ####...
 Poisonous Vapours        Pois/Air       ##....       14%         2    ##.....


Dungeon Overview and Level Annotations

Branches:
Dungeon (6/15)             Temple (1/1) D:4

Altars:
Ashenzari
Cheibriados
Dithmenos
Fedhas
Gozag
Hepliaklqana
Jiyva
Kikubaaqudgha
Makhleb
Nemelex Xobeh
Okawaru
Qazlal
Ru
Sif Muna
Uskayaw
Vehumet
Wu Jian
Xom
Yredelemnul
Zin
The Shining One

Shops:
D:6 }

Annotations:
D:5 DireLemming's ghost, amateur OpTm


Innate Abilities, Weirdness & Mutations

You cannot wear most types of armour.
You are very stealthy in the water. (Stealth+)
You are amphibious.
You can wear up to eight rings at the same time.
You can use your tentacles to constrict eight enemies at once.
Your skin changes colour to match your surroundings (Stealth+).
Your rubbery body absorbs attacks. (AC +1, EV +1)
You are partially covered in iridescent scales. (AC +2)
Scrolls take you a little longer to read.
Your body sometimes deteriorates upon taking damage.
You are robust. (+10% HP)
Your spells are a little harder to cast, but a little more powerful.


Message History

The tomahawk of returning barely misses DireLemming's ghost.
The tomahawk of returning returns to your pack!
DireLemming's ghost hits you but does no damage.
Throwing (i - inventory. (/) - cycle)
J - 2 tomahawks of returning (quivered)
Press: ? - help, Shift-Dir - straight line, f/p - DireLemming's ghost
Aim: DireLemming's ghost (severely damaged)
You throw a tomahawk of returning.
The tomahawk of returning hits DireLemming's ghost.
DireLemming's ghost is severely damaged.
The tomahawk of returning fails to return to your pack!
DireLemming's ghost hits you.
* * * LOW HITPOINT WARNING * * *
DireLemming's ghost hits you!
* * * LOW HITPOINT WARNING * * *
It was a potion of mutation.
You feel extremely strange.
You feel stupid.
You feel agile.
Your magical essence is no longer linked to your wands.
You feel robust.
You feel less in control of your magic. DireLemming's ghost hits you.
You die...

############ #..........#
########## #..........#
#........# #######..........#
#........#
.....##..........#####........#
.....##.......................###
..... #..........................
...# #.........@.............###
...# #######...W#####...........
...##########....##########.##.##
...........................c.>.#.
...##########....##########.#....
...# #....####### #.#..#. ...##
##.....[.... #c#..#. ......
#.#.####### #.#.... ...### #.#.#
######.#.#....


You could see DireLemming's ghost.

Vanquished Creatures
  Sigmund (D:3)
  A centaur (D:5)
  2 ogres
  A scorpion (D:5)
  A howler monkey (D:4)
  An orc priest (D:4)
  2 worker ants (D:4)
  Robin (D:2)
  7 adders
  2 oozes
  3 worms
  A dart slug (D:1)
  4 leopard geckos
  7 orcs
  5 bats
  5 giant cockroaches
  12 goblins
  5 hobgoblins
  12 jackals
  6 kobolds
  3 quokkas
  A ball python (D:1)
  A frilled lizard (D:3)
  A jackal zombie (D:4)
  4 rats
89 creatures vanquished.

Notes
Turn   | Place    | Note
-------+----------+-------------------------------------------
     0 | D:1      | Charun the Octopode Venom Mage began the quest for the Orb.
     0 | D:1      | Reached XP level 1. HP: 11/11 MP: 3/3
    92 | D:1      | Reached skill level 3 in Stealth
   101 | D:1      | Reached XP level 2. HP: 10/17 MP: 0/5
   516 | D:1      | Reached XP level 3. HP: 10/21 MP: 1/6
  1005 | D:3      | Noticed Robin
  1061 | D:2      | Killed Robin
  1104 | D:2      | Gained mutation: You are partially covered in iridescent scales. (AC +2) [mutagenic meat]
  1130 | D:2      | Reached XP level 4. HP: 17/27 MP: 5/7
  1183 | D:2      | Reached skill level 4 in Stealth
  1310 | D:2      | Reached skill level 1 in Short Blades
  1314 | D:2      | Gained mutation: Scrolls take you a little longer to read. [mutagenic meat]
  1389 | D:2      | Found a deep blue altar of Sif Muna.
  1511 | D:2      | Gained mutation: You expend magic power (3 MP) to strengthen your wands. [mutagenic meat]
  1862 | D:3      | Reached skill level 1 in Fighting
  1925 | D:3      | Reached skill level 1 in Throwing
  1925 | D:3      | Reached XP level 5. HP: 13/33 MP: 5/8
  1955 | D:3      | Gained mutation: Your body sometimes deteriorates upon taking damage. [mutagenic meat]
  1957 | D:3      | Found an iron altar of Okawaru.
  2535 | D:3      | Noticed Sigmund
  2557 | D:3      | HP: 1/33 [Sigmund/magic dart (8)]
  2562 | D:3      | Killed Sigmund
  2562 | D:3      | Reached skill level 5 in Stealth
  2562 | D:3      | Reached XP level 6. HP: 7/38 MP: 1/9
  2641 | D:4      | Found a radiant altar of Vehumet.
  2666 | D:4      | Found a staircase to the Ecumenical Temple.
  2688 | Temple   | Entered the Ecumenical Temple
  2694 | Temple   | Became a worshipper of Dithmenos the Shadowed
  2810 | D:4      | Found a stormy altar of Qazlal.
  2955 | D:4      | Found a runed door.
  2955 | D:4      | Noticed a human
  2958 | D:4      | Found a basalt altar of Yredelemnul.
  3153 | D:4      | Reached XP level 7. HP: 40/44 MP: 6/11
  3161 | D:4      | Found a burning altar of Makhleb.
  3162 | D:4      | Found a snail-covered altar of Cheibriados.
  3230 | D:4      | HP: 2/45 [orc priest/nerve-wracking pain (2)]
  3499 | D:5      | Entered Level 5 of the Dungeon
  3818 | D:5      | Gained mutation: Your mind is acute. (Int +2) [mutagenic meat]
  3987 | D:6      | HP: 2/45 [scorpion (9)]
  4000 | D:6      | Found Juelum's Gadget Emporium.
  4008 | D:6      | Bought a wand of paralysis (4) for 84 gold pieces
  4008 | D:6      | Bought a wand of flame (20) for 154 gold pieces
  4030 | D:5      | Reached skill level 6 in Stealth
  4142 | D:5      | Gained mutation: You are clumsy. (Dex -2) [mutagenic meat]
  4266 | D:5      | Reached skill level 5 in Poison Magic
  4297 | D:5      | Noticed DireLemming's ghost (amateur OpTm)
  4346 | D:5      | HP: 1/45 [DireLemming's ghost (7)]
  4351 | D:5      | Lost mutation: Your mind is acute. (Int +2) [potion of mutation]
  4351 | D:5      | Lost mutation: You are clumsy. (Dex -2) [potion of mutation]
  4351 | D:5      | Lost mutation: You expend magic power (3 MP) to strengthen your wands. [potion of mutation]
  4351 | D:5      | Gained mutation: You are robust. (+10% HP) [potion of mutation]
  4351 | D:5      | Gained mutation: Your spells are a little harder to cast, but a little more powerful. [potion of mutation]
  4351 | D:5      | Slain by DireLemming's ghost

Vault maps used:
D:1:      lemuel_arrival_river_ford, minivault_27
D:2:      led_sif_pool
D:3:      cheibrodos_helix_gallery, okawaru_metal_pillars_3, uniq_sigmund,
          uniq_robin
D:4:      grunt_temple_overflow_open, grunt_qazlal_clouds,
          minmay_temple_entry_grid, kennysheep_doodads, dk_yredelemnul_ordeal
D:5:      elyvilon_alcovefable, first_ration
D:6:      serial_shops, shop
Temple:   kb_temple_of_zot

Skill      XL: |  1  2  3  4  5  6  7 |
---------------+----------------------+-----
Stealth        | 3 4 5 6 |  6.2
Poison Magic   | 4 5 |  5.0
Short Blades   | 1 2 |  2.4
Fighting       | 1 2 |  2.4
Throwing       | 1 2 |  2.2
Conjurations   | 2 |  2.8
Dodging        | 3 |  3.3
Spellcasting   | 3 |  3.1

Action                   |  1- 3 |  4- 6 |  7- 9 || total
-------------------------+-------+-------+-------++-------
Melee: Spear             |     4 |       |       ||     4
       Dagger            |    40 |    26 |       ||    66
       Constrict         |    12 |    15 |    11 ||    38
       Tentacles         |    11 |    11 |     8 ||    30
       Rapier            |       |    42 |    53 ||    95
Throw: Stone             |     2 |     3 |       ||     5
       Throwing net      |       |     1 |       ||     1
       Tomahawk          |       |       |    20 ||    20
 Cast: Sting             |    37 |    52 |    35 ||   124
Evoke: Wand              |       |       |     3 ||     3
  Use: Scroll            |     1 |     5 |       ||     6
       Potion            |       |     2 |     5 ||     7
 Stab: Sleeping          |     1 |     7 |       ||     8
  Eat: Chunk             |     1 |     3 |     3 ||     7
       Ration            |       |     1 |     1 ||     2
Armor: Skin              |    10 |    24 |    16 ||    50
Dodge: Dodged            |    49 |    58 |    55 ||   162

Table legend:
 A = Spawn XP
 B = Non-spawn XP
 C = Spawn XP percentage of total XP
 D = Spawn monster count
 E = Non-spawn monster count
 F = Spawn count percentage of total count
 G = Total turns spent on level
                    A         B        C        D         E        F      G
               +---------+---------+-------+---------+---------+-------+---------
         Total |       0 |    1075 |   0.0 |       0 |      89 |   0.0 |  4351
               +---------+---------+-------+---------+---------+-------+---------
           D:1 |       0 |      36 |   0.0 |       0 |      16 |   0.0 |   803
           D:2 |       0 |      75 |   0.0 |       0 |      18 |   0.0 |   698
           D:3 |       0 |     313 |   0.0 |       0 |      28 |   0.0 |  1114
           D:4 |       0 |     331 |   0.0 |       0 |      18 |   0.0 |   767
           D:5 |       0 |     320 |   0.0 |       0 |       9 |   0.0 |   808
               +---------+---------+-------+---------+---------+-------+---------
